 Dungeon Crawl Stone Soup version 0.29-a0-334-gb41bcbb86e (console) character file.

Game seed: 7896017667494920718

47709 zyris the Hand of Fortune (level 14, -12/75 HPs)
             Began as a Vine Stalker Wanderer on Apr 13, 2022.
             Was the Champion of Nemelex Xobeh.
             Mangled by a komodo dragon (14 damage)
             ... on level 6 of the Lair of Beasts.
             The game lasted 00:37:47 (16761 turns).

zyris the Hand of Fortune (Vine Stalker Wanderer)  Turns: 16761, Time: 00:37:48

Health: -12/75     AC: 19    Str: 16    XL:     14   Next: 43%
Magic:  0/25       EV:  6    Int: 11    God:    Nemelex Xobeh [******]
Gold:   1100       SH:  0    Dex: 19    Spells: 13/13 levels left

rFire   . . .      SeeInvis .   w - +1 short sword (protect)
rCold   + . .      Faith    .   (no shield)
rNeg    . . .      Spirit   +   O - +0 plate armour
rPois   .          Reflect  .   u - +1 helmet
rElec   .          Harm     .   L - +0 cloak
rCorr   +          Rampage  .   (no gloves)
Will    +....                   k - +0 pair of boots
Stlth   ..........              A - amulet of regeneration
HPRegen 1.82/turn               B - ring of protection from cold
MPRegen 0.19/turn               D - ring of resist corrosion

@: lethally poisoned (-12 -> -23)
A: fangs 3, regeneration 1, magic shield, antimagic bite, no potion heal 2
a: Renounce Religion, Draw Escape, Draw Destruction, Draw Summoning, Draw Stack,
Triple Draw, Deal Four, Stack Five


You were on level 6 of the Lair of Beasts.
You worshipped Nemelex Xobeh.
Nemelex Xobeh was exalted by your worship.
You visited 2 branches of the dungeon, and saw 16 of its levels.
You also visited: Ossuary.

You collected 1400 gold pieces.
You spent 300 gold pieces at shops.

Inventory:

Hand Weapons
 v - the +6 dagger of Sunlight {vorpal, rElec rCorr Stlth-}
   (You took it off an orc priest on level 9 of the Dungeon)

   It inflicts extra damage upon your enemies.
   rElec:     It insulates you from electricity.
   rCorr:     It protects you from acid and corrosion.
   Stlth:     It makes you less stealthy.
 w - a +1 short sword of protection (weapon)
Missiles
 c - 2 throwing nets
 h - 51 poisoned darts (quivered)
Armour
 k - a +0 pair of boots (worn)
 u - a +1 helmet (worn)
 L - a +0 cloak (worn)
 O - a +0 plate armour (worn)
Jewellery
 l - a ring of ice
 A - an amulet of regeneration (around neck)
 B - a ring of protection from cold (left hand)
 D - a ring of resist corrosion (right hand)
Wands
 g - a wand of iceblast (9)
 y - a wand of acid (14)
 J - a wand of digging (11)
Scrolls
 a - a scroll of brand weapon
 e - 2 scrolls of magic mapping
 i - 3 scrolls of fog
 j - 5 scrolls of teleportation
 n - 3 scrolls of blinking
 t - 5 scrolls of identify
 z - a scroll of enchant weapon
 F - 2 scrolls of enchant armour
 G - 2 scrolls of amnesia
Potions
 b - 4 potions of haste
 d - 7 potions of lignification
 f - 3 potions of flight
 m - 4 potions of mutation
 o - 4 potions of berserk rage
 p - 6 potions of brilliance
 q - 6 potions of attraction
 r - a potion of magic
 s - 2 potions of invisibility
 x - 3 potions of curing
 C - 4 potions of might
 H - a potion of cancellation
 I - a potion of resistance
 K - 5 potions of ambrosia
Miscellaneous
 E - a condenser vane


   Skills:
 + Level 9.1 Fighting
 - Level 12.0 Short Blades
 - Level 2.6(3.1) Slings
 - Level 2.3(3.0) Throwing
 + Level 9.7 Armour
 - Level 1.0 Dodging
 - Level 4.8 Stealth
 + Level 14.0 Invocations
 + Level 4.6 Evocations


You had 13 spell levels left.
You didn't know any spells.
Your spell library contained the following spells:

 Spells                   Type           Power      Damage    Failure   Level
 Ensorcelled Hibernation  Hex/Ice        0%         N/A       100%        2
 Ozocubu's Armour         Ice            0%         N/A       100%        3
 Spider Form              Tmut/Pois      0%         N/A       100%        3
 Anguish                  Hex/Necr       0%         N/A       100%        4
 Blade Hands              Tmut           0%         N/A       100%        5
 Fireball                 Conj/Fire      0%         3d3       100%        5
 Irradiate                Conj/Tmut      0%         3d13      100%        5
 Conjure Ball Lightning   Conj/Air       0%         3x3d6     100%        6
 Starburst                Conj/Fire      0%         6d3       100%        6
 Dragon Form              Tmut           0%         N/A       100%        7
 Ozocubu's Refrigeration  Ice            0%         4d5       100%        7
 Discord                  Hex            0%         N/A       100%        8
 Disjunction              Tloc           0%         N/A       100%        8
 Ignition                 Fire           0%         3d3       100%        8


Dungeon Overview and Level Annotations

Branches:
Dungeon (10/15)            Temple (0/1) D:7            Lair (6/6) D:10
 Shoals (0/4) Lair:4       Spider (0/4) Lair:3        Slime (0/5) Lair:5
    Orc (0/2) D:9         Ossuary (visited)

Altars:
Gozag
Hepliaklqana
Nemelex Xobeh
Xom

Shops:
D:6 *   D:7 [

Annotations:
Lair:3 exclusion: 4 oklob plants
Lair:5 exclusion: 3 oklob plants


Innate Abilities, Weirdness & Mutations

You have razor-sharp teeth.
Your natural rate of healing is unusually fast.
When hurt, damage is shared between your health and your magic reserves.
Your bite disrupts and absorbs the magic of your enemies.
Potions cannot restore your health.


Message History

You feel very sick.
You feel sick.
The blink frog blinks!
Something barely misses your wind drake.
Your wind drake flaps its wings at the cane toad.
The air twists around and strikes the cane toad!
The cane toad barely misses your wind drake.
The cane toad stings you.
* * * LOW HITPOINT WARNING * * *
You see here a vampire mosquito corpse.
You feel very sick.
Your wind drake disappears in a puff of smoke!
Something stings your -2 quarterstaff "Fudyty" {venom, rF++ Int+3}!
The cane toad barely misses your -2 quarterstaff "Fudyty" {venom, rF++ Int+3}.
The cane toad attacks as you move away! The cane toad stings you.
* * * LOW HITPOINT WARNING * * *
Found a shiny chain mail.
You feel sick.
Your -2 quarterstaff "Fudyty" {venom, rF++ Int+3} hits the cane toad!
Something completely misses your -2 quarterstaff "Fudyty" {venom, rF++ Int+3}.
The cane toad stings your -2 quarterstaff "Fudyty" {venom, rF++ Int+3}.
Your -2 quarterstaff "Fudyty" {venom, rF++ Int+3} hits the cane toad!
The cane toad dies!
Something stings your -2 quarterstaff "Fudyty" {venom, rF++ Int+3}.
The cane toad attacks as you move away! The cane toad stings you.
* * * LOW HITPOINT WARNING * * *
The komodo dragon attacks as you move away!
The komodo dragon completely misses you.
* * * LOW HITPOINT WARNING * * *
You feel sick.
The blink frog falters for a moment.
You feel sick. The komodo dragon barely misses you.
A vampire mosquito comes into view.
You feel sick.
Your -2 quarterstaff "Fudyty" {venom, rF++ Int+3} hits the blink frog!!
The golden eye blinks!
The cane toad stings you.
* * * LOW HITPOINT WARNING * * *
You are lethally poisoned!
The cane toad poisons you!
The komodo dragon attacks as you move away!
The komodo dragon bites you!
You die...
Your body glows with a rainbow of weird colours and disappears.

...................,,,,,,,,,,,,,,
.#...!...............,,,,,,,,,,,,
#.....†.....+##....[.,,,,,,,,,,,,
.....†....y....#,...*,,,,,,*,,*,*
......†##.F(.†###.#*,,,,,,,,,,,,,
.#†...G##....F.#..#*,,,,**,,***,,
P##....†#..†....#.##*,,,*,,,,,,,,
.#.(...#.§=....l...#,,,,,,,**,*,*
###....###...#pF@.##**,,*,,,,,,,,
##†...####...####..#*,,,,****,*,,
............P#P....#,,,,,,,,,,,,,
.....................,,,*,***,,**
###..P##......#..#.##P,,,,,,,,,,,
#P####.....##*####**#,**,,**,,,
##♣ ♣...≈≈P≈# ***,*****,*
*♣P≈P≈P♣≈# *** *** *≈PP≈≈≈♣##


You could see a komodo dragon, a cane toad, 2 blink frogs, a human, a vampire
mosquito and a friendly -2 quarterstaff "Fudyty" {venom, rF++ Int+3} (summoned).

Vanquished Creatures
  A boulder beetle (Lair:3)
  Josephine (Lair:5)
  Fannar (D:10)
  An ice dragon (Lair:6)
  Harold (D:9)
  4 hydras
  A two-headed ogre (D:10)
  2 death yaks (Lair:5)
  Nergalle (D:10)
  A swamp dragon (D:10)
  Pikel (D:6)
  3 elephants
  6 black mambas
  A torpor snail (Lair:5)
  11 cane toads
  Maggie (D:7)
  2 komodo dragons
  2 rime drakes
  2 trolls
  A hornet (D:10)
  A queen bee (Lair:3)
  2 polar bears
  A tarantella (D:10)
  4 blink frogs
  A slime creature (D:7)
  Sigmund (D:3)
  5 wraiths
  47 yaks
  3 wyverns
  2 steam dragons
  4 vampire mosquitoes
  5 basilisks (Lair:3)
  3 wargs
  2 acid dragons
  10 water moccasins
  A floating eye (D:10)
  An ice beast (shapeshifter) (Lair:2)
  2 ice beasts
  A sky beast (D:6)
  4 ogres
  A black bear (D:8)
  6 orc warriors
  25 wolves
  4 centaurs
  3 phantoms
  2 kobold brigands
  Blork the orc (D:4)
  A gnoll sergeant (D:9)
  11 bullfrogs
  3 scorpions
  5 water moccasin zombies (Ossuary)
  36 killer bees
  6 electric eels
  3 howler monkeys
  4 hounds
  5 jellies (D:7)
  9 orc priests
  2 iguanas
  Ijyb (D:3)
  Natasha (twice) (D:4)
  6 orc wizards
  2 mummies (Ossuary)
  9 gnolls
  9 adders
  2 river rats (Lair:2)
  A shadow imp (D:5)
  2 ufetubi
  5 adder zombies (Ossuary)
  A worm (D:10)
  39 orcs
  5 ball pythons
  27 endoplasms
  4 giant cockroaches (D:1)
  5 goblins
  9 hobgoblins
  4 jackals (D:1)
  17 kobolds
  3 quokkas
  11 bats
  A frilled lizard (D:2)
  6 gnoll zombies (Ossuary)
  3 hobgoblin zombies (Ossuary)
  6 kobold zombies (Ossuary)
  4 orc zombies (Ossuary)
  8 rats
463 creatures vanquished.

Vanquished Creatures (collateral kills)
  A catoblepas (Lair:5)
  A hydra (Lair:5)
  A two-headed ogre (D:9)
  3 elephants (Lair:2)
  2 black mambas
  4 cane toads
  3 komodo dragons
  A queen bee (Lair:6)
  2 polar bears (Lair:2)
  15 yaks
  Grum (D:9)
  A hog (Lair:6)
  2 water moccasins
  10 wolves
  3 bullfrogs
  A howler monkey (Lair:6)
51 creatures vanquished.

Vanquished Creatures (others)
  44 fungi
  90 plants
134 creatures vanquished.

Grand Total: 648 creatures vanquished

Notes
Turn   | Place    | Note
-------+----------+-------------------------------------------
     0 | D:1      | zyris the Vine Stalker Wanderer began the quest for the
                  | Orb.
     0 | D:1      | zyris set off with the following items: a +2 dagger, a
                  | potion of haste, a +0 hunting sling, a potion of
                  | lignification, a scroll of blinking, a +0 leather armour
     0 | D:1      | Reached XP level 1. HP: 9/9 MP: 2/2
     1 | D:1      | Found a runed translucent door.
    61 | D:1      | Reached skill level 1 in Short Blades
   225 | D:1      | Reached XP level 2. HP: 13/13 MP: 3/3
   723 | D:1      | Reached skill level 1 in Throwing
   758 | D:1      | Reached XP level 3. HP: 16/16 MP: 4/4
  1271 | D:1      | Found a faded altar of an unknown god.
  1422 | D:2      | Gained mutation: Your natural rate of healing is unusually
                  | fast. [Vine Stalker growth]
  1422 | D:2      | Reached XP level 4. HP: 21/21 MP: 5/5
  1947 | D:3      | Noticed Sigmund
  2056 | D:3      | Noticed Ijyb
  2292 | D:4      | Noticed Blork the orc
  2380 | D:4      | Reached XP level 5. HP: 23/24 MP: 4/6
  2407 | D:4      | Found a sand-covered staircase.
  2427 | Ossuary  | Entered an ossuary
  2614 | Ossuary  | Reached XP level 6. HP: 22/28 MP: 7/7
  2710 | Ossuary  | HP: 1/28 [water moccasin zombie (2)]
  2712 | Ossuary  | Reached skill level 5 in Short Blades
  2884 | Ossuary  | Reached XP level 7. HP: 30/32 MP: 8/8
  3212 | D:4      | Killed Blork the orc
  3507 | D:4      | Found an opulent altar of Gozag.
  3508 | D:4      | Found a sparkling altar of Nemelex Xobeh.
  3523 | D:4      | Became a worshipper of Nemelex Xobeh the Trickster
  3568 | D:4      | Noticed Natasha
  3580 | D:4      | Killed Natasha
  3705 | D:3      | Killed Ijyb
  3846 | D:3      | Killed Sigmund
  4277 | D:5      | Entered Level 5 of the Dungeon
  4308 | D:5      | Gained mutation: You have razor-sharp teeth. [Vine Stalker
                  | growth]
  4308 | D:5      | Reached XP level 8. HP: 30/36 MP: 4/9
  4729 | D:5      | Reached * piety under Nemelex Xobeh
  4798 | D:5      | Reached skill level 1 in Invocations
  4816 | D:5      | Reached skill level 2 in Invocations
  5188 | D:5      | Received a gift from Nemelex Xobeh
  5764 | D:6      | Reached skill level 3 in Invocations
  5838 | D:6      | Reached XP level 9. HP: 39/39 MP: 12/12
  5931 | D:6      | Reached skill level 4 in Invocations
  5937 | D:6      | Reached ** piety under Nemelex Xobeh
  6157 | D:6      | Found Gykkis's General Store.
  6164 | D:6      | Bought a potion of curing for 30 gold pieces
  6164 | D:6      | Bought a scarf of shadows for 120 gold pieces
  6164 | D:6      | Bought a potion of ambrosia for 80 gold pieces
  6164 | D:6      | Bought a potion of flight for 30 gold pieces
  6164 | D:6      | Bought a scroll of identify for 20 gold pieces
  6164 | D:6      | Bought a scroll of identify for 20 gold pieces
  6190 | D:6      | Reached skill level 5 in Invocations
  6212 | D:6      | Noticed Pikel
  6239 | D:6      | Killed Pikel
  6420 | D:4      | Noticed Natasha
  6424 | D:4      | Killed Natasha
  6499 | D:1      | Reached skill level 6 in Invocations
  6733 | D:7      | Found Taigh's Armour Shoppe.
  6785 | D:7      | Noticed Maggie
  6799 | D:7      | Killed Maggie
  6813 | D:7      | Received a gift from Nemelex Xobeh
  6925 | D:7      | Found a staircase to the Ecumenical Temple.
  7091 | D:7      | Reached XP level 10. HP: 29/44 MP: 8/15
  7372 | D:7      | Reached skill level 10 in Short Blades
  7372 | D:7      | Reached skill level 7 in Invocations
  7529 | D:8      | Reached *** piety under Nemelex Xobeh
  7666 | D:8      | Reached skill level 8 in Invocations
  7932 | D:8      | Found a hazy altar of Hepliaklqana.
  7978 | D:8      | Received a gift from Nemelex Xobeh
  8156 | D:8      | Received a gift from Nemelex Xobeh
  8353 | D:9      | Identified the +6 dagger of Sunlight {vorpal, rElec rCorr
                  | Stlth-}
  8560 | D:9      | Found a staircase to the Orcish Mines.
  8608 | D:9      | Noticed Harold
  8626 | D:9      | Noticed Grum
  8628 | D:9      | Killed Harold
  8629 | D:9      | Reached skill level 9 in Invocations
  8629 | D:9      | Reached XP level 11. HP: 8/47 MP: 11/18
  9226 | D:9      | Received a gift from Nemelex Xobeh
  9289 | D:9      | Reached **** piety under Nemelex Xobeh
  9329 | D:9      | Noticed a two-headed ogre
  9366 | D:9      | Identified the -1 long sword of Fatigue {flame, rElec
                  | Dex+3}
  9384 | D:9      | Killed Grum
  9385 | D:9      | Killed a two-headed ogre
  9386 | D:9      | Reached skill level 10 in Invocations
  9614 | D:10     | Entered Level 10 of the Dungeon
  9807 | D:10     | Reached skill level 5 in Armour
  9854 | D:9      | Reached skill level 1 in Fighting
  9928 | D:10     | Received a gift from Nemelex Xobeh
 10064 | D:10     | Found a staircase to the Lair.
 10074 | D:10     | Noticed Nergalle
 10110 | D:10     | HP: 2/45 [spectral orc warrior/+0 hand axe[Nergalle] (5)]
 10240 | D:10     | Killed Nergalle
 10241 | D:10     | Reached XP level 12. HP: 44/51 MP: 20/20
 10293 | D:10     | Noticed Lodul
 10293 | D:10     | Noticed a two-headed ogre
 10293 | D:10     | Noticed a two-headed ogre
 10293 | D:10     | Noticed a two-headed ogre
 10556 | D:10     | Killed a two-headed ogre
 10572 | D:10     | Noticed Fannar
 10621 | D:10     | Killed Fannar
 10756 | D:10     | Noticed a two-headed ogre
 10756 | D:10     | Noticed a two-headed ogre
 10761 | D:10     | Noticed Lodul
 10761 | D:10     | Lodul changed into Lodul the acid dragon
 10761 | D:10     | a two-headed ogre changed into a floating eye
 10761 | D:10     | a two-headed ogre changed into an elephant
 10761 | D:10     | a two-headed ogre changed into a tarantella
 10761 | D:10     | a two-headed ogre changed into a swamp dragon
 10764 | D:10     | Killed Lodul the acid dragon
 10765 | D:10     | Reached skill level 11 in Invocations
 10802 | D:10     | Found a shimmering altar of Xom.
 10963 | Lair:1   | Entered Level 1 of the Lair of Beasts
 11673 | Lair:1   | Reached ***** piety under Nemelex Xobeh
 11690 | Lair:1   | Received a gift from Nemelex Xobeh
 11961 | Lair:2   | Reached skill level 5 in Fighting
 12063 | Lair:2   | Identified the +2 long sword of Broken Luck {vorpal, rElec
                  | rF+ Dex+3}
 12081 | Lair:2   | Noticed a four-headed hydra
 12093 | Lair:2   | Killed a five-headed hydra
 12094 | Lair:2   | Reached skill level 12 in Invocations
 12110 | Lair:2   | Identified the +2 demon trident "Piecudo" {venom, *Slow
                  | rCorr Str+6 Int-4}
 12120 | Lair:2   | Reached XP level 13. HP: 40/65 MP: 21/23
 12206 | Lair:2   | Received a gift from Nemelex Xobeh
 12813 | Lair:3   | Found a hole to the Spider Nest.
 12852 | Lair:3   | Received a gift from Nemelex Xobeh
 13344 | Lair:3   | Received a gift from Nemelex Xobeh
 13454 | Lair:3   | Received a gift from Nemelex Xobeh
 13920 | Lair:4   | Received a gift from Nemelex Xobeh
 14107 | Lair:4   | Found a staircase to the Shoals.
 14109 | Lair:4   | Reached ****** piety under Nemelex Xobeh
 14131 | Lair:4   | Reached skill level 13 in Invocations
 14158 | Lair:4   | Received a gift from Nemelex Xobeh
 14933 | Lair:5   | Received a gift from Nemelex Xobeh
 15150 | Lair:5   | Reached XP level 14. HP: 47/73 MP: 25/25
 15360 | Lair:5   | Upgraded the game from 0.29-a0-330-g52719c12eb to
                  | 0.29-a0-334-gb41bcbb86e
 15455 | Lair:5   | Identified the +3 demon trident of Weshri {vamp, Fly}
 15701 | Lair:5   | Noticed Josephine
 15718 | Lair:5   | Killed Josephine
 15776 | Lair:5   | Found a staircase to the Slime Pits.
 15798 | Lair:5   | Noticed Snorg
 15807 | Lair:5   | Noticed Snorg
 15807 | Lair:5   | Snorg changed into Snorg the black mamba
 15814 | Lair:5   | Killed Snorg the black mamba
 16343 | D:10     | Identified the +1 ice dragon scales of the Pit {rElec rF-
                  | rC++ MP+9 Int+4}
 16492 | Lair:6   | Entered Level 6 of the Lair of Beasts
 16731 | Lair:6   | Reached skill level 14 in Invocations
 16745 | Lair:6   | Identified the -2 quarterstaff "Fudyty" {venom, rF++ Int+3}
 16756 | Lair:6   | HP: 2/75 [poisoned by a cane toad]
 16761 | Lair:6   | Mangled by a komodo dragon

Illustrated notes

Levels and vault maps discovered:
D:1:      dpeg_arrival_caged_fury, layout_basic, basic_ecumenical_altar
D:2:      minmay_angry_zag, layout_basic, minmay_tetromino_o2
D:3:      layout_basic, chequers_serial_rivers_marsh, uniq_ijyb, uniq_sigmund
D:4:      layout_gridville, grunt_temple_overflow_opulence, enter_ossuary_1,
          uniq_natasha, uniq_blork_the_orc
D:5:      layout_layer_cave, hangedman_decor_slide_cut
D:6:      layout_gridville, serial_shops, nicolae_shop_stone,
          grunt_decor_one_mirror, uniq_pikel
D:7:      lemuel_slime, layout_cave_pods, minmay_temple_entry_hall,
          serial_shops, shop, lemuel_old_faithful, uniq_maggie
D:8:      layout_basic, overflow_temple_1_default
D:9:      layout_long_grid, erik_orc_4, uniq_grum, uniq_harold
D:10:     layout_big_octagon, lemuel_doored_altar,
          nicolae_straight_to_the_point, uniq_fannar, uniq_lodul, uniq_nergalle
Lair:1:   layout_hall_layers
Lair:2:   beast_lair_carwin_large_2, layout_regular_city, lemuel_fruit_tree,
          grunt_megastairs_5
Lair:3:   hangedman_what_comes_after_a, layout_regular_city,
          spider_nest_entry_web_field
Lair:4:   layout_regular_city, shoals_dummy_entry, dreamdust_mushroom_princess,
          grunt_megastairs_2
Lair:5:   layout_gridlike, minmay_slime_entry_oklob_open, serial_rivers,
          chequers_serial_rivers_room_a, chequers_serial_rivers_micro_c,
          chequers_serial_rivers_large_b, chequers_serial_rivers_small_a,
          serial_bayou_lagoon_a, nicolae_lair_yak_garden, uniq_snorg,
          uniq_josephine
Lair:6:   minmay_lair_end_frog_pond, layout_regular_city,
          portal_ice_cave_entry_ice_simulacra, minivault_27,
          serial_bayou_shore_b

Skill      XL: |  1  2  3  4  5  6  7  8  9 10 11 12 13 14 |
---------------+-------------------------------------------+-----
Short Blades   | 1 2 3 4 5 6 8 9 11 12 | 12.0
Throwing       | 1 2 |  2.3
Evocations     | 3 4 |  4.6
Invocations    | 3 6 9 10 12 13 14 | 14.0
Armour         | 3 5 7 9 |  9.7
Fighting       | 2 5 8 9 |  9.1
Slings         | |  2.6
Dodging        | |  1.0
Stealth        | |  4.8

Action                   |  1- 3 |  4- 6 |  7- 9 | 10-12 | 13-15 || total
-------------------------+-------+-------+-------+-------+-------++-------
Melee: Dagger            |    60 |       |       |       |       ||    60
       Bite              |    10 |    63 |   134 |   414 |   465 ||  1086
       Punch             |     1 |     4 |     8 |    23 |    14 ||    50
       Short sword       |     3 |   217 |   355 |  1010 |   955 ||  2540
Throw: Dart              |    13 |     8 |       |     2 |     4 ||    27
Invok: Draw Destruction  |       |       |       |    25 |    13 ||    38
       Draw Summoning    |       |       |       |     9 |     9 ||    18
       Draw Escape       |       |       |       |       |     1 ||     1
       Stack Five        |       |       |       |       |     1 ||     1
Evoke: Wand              |       |       |     5 |     5 |    12 ||    22
  Use: Scroll            |       |       |     8 |    20 |     1 ||    29
       Potion            |       |       |       |     1 |     3 ||     4
 Stab: Sleeping          |    12 |    11 |     9 |     1 |       ||    33
       Distracted        |       |       |       |     2 |     3 ||     5
Armor: Leather armour    |    15 |    33 |    65 |       |       ||   113
       Plate armour      |       |       |       |   573 |   526 ||  1099
       Steam dragon scal |       |       |       |    25 |       ||    25
Dodge: Dodged            |    43 |    85 |   143 |   265 |   201 ||   737

Table legend: (Time is in decaauts)
 A = Elapsed time spent in this place.
 B = Non-inter-level travel time spent in this place.
 C = Inter-level travel time spent in this place.
 D = Time resting spent in this place.
 E = Time spent auto-exploring this place.
 F = Levels seen in this place.
 G = Mean time per level.
                   A        B        C        D        E       F      G
               +--------+--------+--------+--------+--------+-----+--------+
         Total |  15804 |  14690 |   1114 |   1301 |   9433 |  17 |  929.6 |
       Dungeon |  10112 |   9375 |    737 |    910 |   6051 |  10 | 1011.2 |
          Lair |   5179 |   4802 |    377 |    156 |   3326 |   6 |  863.2 |
       Ossuary |    512 |    512 |      0 |    234 |     56 |   1 |  512.0 |
               +--------+--------+--------+--------+--------+-----+--------+

Top non-repeatable levels by time:
     D:5: 1482 daAuts
     D:1: 1353 daAuts
  Lair:5: 1322 daAuts
     D:9: 1304 daAuts
     D:3: 1097 daAuts
    D:10: 1095 daAuts
  Lair:3: 1004 daAuts
  Lair:2: 969 daAuts
  Lair:4: 898 daAuts
     D:8: 895 daAuts
     D:4: 874 daAuts
     D:7: 828 daAuts
  Lair:1: 790 daAuts
     D:6: 595 daAuts
     D:2: 585 daAuts
